 Dungeon Crawl Stone Soup version 0.29.0-4-gdea44cf6ec (webtiles) character file.

Game seed: 7197727677093227196

38 qw the Vexing (level 3, -1/35 HPs)
             Began as an Ogre Enchanter on Sept 3, 2022.
             Succumbed to an adder's poison
             ... on level 2 of the Dungeon.
             The game lasted 00:01:27 (2193 turns).

qw the Vexing (Ogre Enchanter)                      Turns: 2193, Time: 00:01:28

Health: -1/35      AC:  3    Str: 11 (14) XL:     3   Next: 43%
Magic:  6/6        EV:  9    Int: 15 (16) God:
Gold:   80         SH:  0    Dex:  7 (9)  Spells: 6/6 levels left

rFire   . . .      SeeInvis .   i - +0 short sword
rCold   . . .      Faith    .   (no shield)
rNeg    . . .      Spirit   .   b - +0 robe
rPois   .          Reflect  .   (helmet restricted)
rElec   .          Harm     .   (no cloak)
rCorr   .          Rampage  .   (gloves unavailable)
Will    .....                   (boots unavailable)
Stlth   ++........              (no amulet)
HPRegen 0.11/turn               (no ring)
MPRegen 0.10/turn               (no ring)

@: lethally poisoned (-1 -> -10)
A: large, unfitting armour, tough skin 1
a: no special abilities


You were on level 2 of the Dungeon.
You visited 1 branch of the dungeon, and saw 2 of its levels.

You collected 80 gold pieces.


Innate Abilities, Weirdness & Mutations

You are too large for most types of armour.
You have tough skin. (AC +1)


   Skills:
 - Level 2.0 Fighting
 - Level 0.8 Short Blades
 + Level 2.4 Axes
 - Level 1.7 Dodging
 - Level 2.1 Stealth
 - Level 2.4 Spellcasting
 - Level 2.6 Hexes


You had 6 spell levels left.
You didn't know any spells.
Your spell library contained the following spells:

 Spells                   Type           Power      Damage    Failure   Level
 Ensorcelled Hibernation  Hex/Ice        10%        N/A       19%         2
 Confusing Touch          Hex            9%         N/A       22%         3
 Tukima's Dance           Hex            9%         N/A       22%         3
 Dazzling Flash           Conj/Hex       10%        N/A       36%         3

Inventory:

Hand Weapons
 i - a +0 short sword (weapon)
Armour
 b - a +0 robe (worn)
Scrolls
 d - a scroll of identify
 g - a scroll of noise {unknown}
 j - a scroll of teleportation {unknown}
 l - a scroll of amnesia {unknown}
Potions
 a - a potion of attraction {unknown}
 c - a potion of haste {unknown}
 e - a potion of mutation {unknown}
 f - a potion of curing {unknown}
 h - a potion of brilliance {unknown}
 k - a potion of lignification {unknown}

Dungeon Overview and Level Annotations

Branches:
Dungeon (2/15)

Altars:


Message History

You are no longer poisoned.
The adder bites you. The adder completely misses you.
You closely miss the adder.
The adder is moderately wounded.
The adder barely misses you.
You barely miss the adder.
The adder is moderately wounded.
The adder bites you.
You are poisoned.
The adder poisons you!
You closely miss the adder.
The adder is moderately wounded.
You feel sick. The adder closely misses you.
The adder bites you but does no damage.
You hit the adder.
The adder is heavily wounded.
You feel sick. The adder bites you.
You barely miss the adder.
The adder is heavily wounded.
You feel sick. The adder bites you. The adder bites you but does no damage.
You hit the adder but do no damage.
The adder is heavily wounded.
You feel sick. The adder bites you.
You are lethally poisoned!
The adder poisons you!
You hit the adder.
The adder is severely wounded.
You feel sick. The adder barely misses you.
You barely miss the adder.
The adder is severely wounded.
You feel sick. The adder bites you but does no damage. The adder bites you.
You are more poisoned.
The adder poisons you!
You miss the adder.
The adder is severely wounded.
You feel very sick. The adder closely misses you.
You completely miss the adder.
The adder is severely wounded.
You die...

##### ### .... ..#
#..## #.#
#...###.#
#.S..##.#
#.@..##.#
#.##.##%#
#.......#
####.#### #.#
####.## ##.....#
##..##..#
###...##..######..


You could see an adder.

Vanquished Creatures
  4 ball pythons
  4 endoplasms
  2 giant cockroaches (D:1)
  6 goblins
  5 hobgoblins (D:1)
  2 jackals (D:1)
  A kobold (D:1)
  A bat (D:1)
  3 frilled lizards
  5 rats
33 creatures vanquished.

Vanquished Creatures (others)
  A fungus (D:1)
1 creature vanquished.

Grand Total: 34 creatures vanquished

Notes
Turn   | Place    | Note
-------+----------+-------------------------------------------
     0 | D:1      | qw the Ogre Enchanter began the quest for the Orb.
     0 | D:1      | Reached XP level 1. HP: 16/16 MP: 3/3
     0 | D:1      | 0 ||| qw: Version: 0.1-a-102-g441f92d
     0 | D:1      | 0 ||| qw: Game counter: 5151
     0 | D:1      | 0 ||| qw: Always use a shield: true
     0 | D:1      | 0 ||| qw: God list: Okawaru
     0 | D:1      | 0 ||| qw: Allow faded altars: false
     0 | D:1      | 0 ||| qw: Do Orc after D:15 true
     0 | D:1      | 0 ||| qw: Do second Lair branch before Depths: true
     0 | D:1      | 0 ||| qw: Lair rune preference: random
     0 | D:1      | 0 ||| qw: Plans: Normal
     0 | D:1      | 0 ||| PLANNING D:1-11
    20 | D:1      | 20 ||| SWAPPING to +0 club.
    21 | D:1      | 21 ||| DROPPING +1 dagger.
    62 | D:1      | 62 ||| Stepping ~*~*~tactically~*~*~ (stealth).
    67 | D:1      | Reached skill level 1 in Axes
   211 | D:1      | Reached skill level 1 in Fighting
   213 | D:1      | Reached XP level 2. HP: 25/27 MP: 5/5
   244 | D:1      | 244 ||| Stepping ~*~*~tactically~*~*~ (stealth).
   261 | D:1      | 261 ||| Stepping ~*~*~tactically~*~*~ (stealth).
   278 | D:1      | 278 ||| Stepping ~*~*~tactically~*~*~ (stealth).
   292 | D:1      | 292 ||| Stepping ~*~*~tactically~*~*~ (stealth).
   293 | D:1      | 293 ||| Stepping ~*~*~tactically~*~*~ (stealth).
   294 | D:1      | 294 ||| Stepping ~*~*~tactically~*~*~ (stealth).
   308 | D:1      | 308 ||| Stepping ~*~*~tactically~*~*~ (stealth).
   331 | D:1      | 331 ||| Stepping ~*~*~tactically~*~*~ (stealth).
   332 | D:1      | 332 ||| Stepping ~*~*~tactically~*~*~ (stealth).
   335 | D:1      | 335 ||| Stepping ~*~*~tactically~*~*~ (outnumbered).
   336 | D:1      | 336 ||| Stepping ~*~*~tactically~*~*~ (outnumbered).
   337 | D:1      | 337 ||| Stepping ~*~*~tactically~*~*~ (outnumbered).
   338 | D:1      | 338 ||| Stepping ~*~*~tactically~*~*~ (outnumbered).
   339 | D:1      | 339 ||| Stepping ~*~*~tactically~*~*~ (outnumbered).
   340 | D:1      | 340 ||| Stepping ~*~*~tactically~*~*~ (outnumbered).
   341 | D:1      | 341 ||| Stepping ~*~*~tactically~*~*~ (outnumbered).
   342 | D:1      | 342 ||| Stepping ~*~*~tactically~*~*~ (outnumbered).
   343 | D:1      | 343 ||| Stepping ~*~*~tactically~*~*~ (outnumbered).
   344 | D:1      | 344 ||| Stepping ~*~*~tactically~*~*~ (outnumbered).
   345 | D:1      | 345 ||| Stepping ~*~*~tactically~*~*~ (outnumbered).
   348 | D:1      | 348 ||| Stepping ~*~*~tactically~*~*~ (outnumbered).
   349 | D:1      | 349 ||| Stepping ~*~*~tactically~*~*~ (outnumbered).
   351 | D:1      | 351 ||| Stepping ~*~*~tactically~*~*~ (outnumbered).
   353 | D:1      | 353 ||| Stepping ~*~*~tactically~*~*~ (outnumbered).
   357 | D:1      | 357 ||| Stepping ~*~*~tactically~*~*~ (outnumbered).
   359 | D:1      | 359 ||| Stepping ~*~*~tactically~*~*~ (outnumbered).
   362 | D:1      | 362 ||| Stepping ~*~*~tactically~*~*~ (outnumbered).
   363 | D:1      | 363 ||| Stepping ~*~*~tactically~*~*~ (outnumbered).
   364 | D:1      | 364 ||| Stepping ~*~*~tactically~*~*~ (outnumbered).
   378 | D:1      | HP: 5/27 [hobgoblin (3)]
   379 | D:1      | 379 ||| Stepping ~*~*~tactically~*~*~ (stealth).
   383 | D:1      | HP: 2/27 [giant cockroach (1)]
   432 | D:1      | HP: 1/27 [hobgoblin (4)]
   481 | D:1      | 481 ||| Stepping ~*~*~tactically~*~*~ (stealth).
   653 | D:1      | 653 ||| Stepping ~*~*~tactically~*~*~ (stealth).
   881 | D:1      | 881 ||| Stepping ~*~*~tactically~*~*~ (outnumbered).
   891 | D:1      | Reached XP level 3. HP: 21/35 MP: 6/6
  1415 | D:1      | Found a faded altar of an unknown god.
  1456 | D:1      | 1456 ||| READING 2 scrolls labelled HOKHAEJIJA.
  1457 | D:1      | 1457 ||| READING scroll labelled BEFILY WYIPNI.
  1458 | D:1      | 1458 ||| READING scroll labelled ABETRU KAF.
  1459 | D:1      | 1459 ||| READING 3 scrolls labelled SATHRI MOTRI.
  1460 | D:1      | 1460 ||| READING scroll labelled WINAOG VAEB.
  1461 | D:1      | 1461 ||| DRINKING 2 fuming puce potions.
  1462 | D:1      | 1462 ||| DROPPING 2 potions of invisibility.
  1463 | D:1      | 1463 ||| DROPPING potion of degeneration.
  1464 | D:1      | 1464 ||| DROPPING 2 scrolls of vulnerability.
  1465 | D:1      | 1465 ||| Stepping randomly (stuck).
  1466 | D:1      | 1466 ||| Stepping ~*~*~tactically~*~*~ (cloud).
  1471 | D:1      | HP: 7/35 [poisoned by you (poison gas)]
  1785 | D:2      | 1785 ||| STAIRDANCE
  1912 | D:2      | 1912 ||| SWAPPING to +0 short sword.
  1913 | D:2      | 1913 ||| DROPPING +0 club.
  2189 | D:2      | HP: 8/35 [adder (3)]
  2192 | D:2      | HP: 1/35 [poisoned by an adder]
  2193 | D:2      | Succumbed to an adder's poison

Levels and vault maps discovered:
D:1:      dpeg_arrival_ternary, layout_rooms,
          shapermc_ecumenical_altar_acropolis
D:2:      layout_loops_corners

Skill      XL: |  1  2  3 |
---------------+----------+-----
Axes           | 1 2 |  2.4
Fighting       | 1 2 |  2.0
Short Blades   | |  0.8
Dodging        | |  1.7
Stealth        | |  2.1
Spellcasting   | |  2.4
Hexes          | |  2.6

Action                   || total
-------------------------++-------
Melee: Club              ||   134
       Short sword       ||    29
       Punch             ||     1
  Use: Scroll            ||     5
       Potion            ||     1
Armor: Robe              ||    55
Dodge: Dodged            ||    86

Table legend:
 A = Non-vault XP
 B = Vault XP
 C = Vault XP percentage of total XP
 D = Non-vault monster count
 E = Vault monster count
 F = Vault count percentage of total count
                 A         B        C        D         E       F
            +---------+---------+-------+---------+---------+-------
      Total |      55 |       0 |   0.0 |      33 |       0 |   0.0
            +---------+---------+-------+---------+---------+-------
        D:1 |      45 |       0 |   0.0 |      27 |       0 |   0.0
        D:2 |      10 |       0 |   0.0 |       6 |       0 |   0.0
            +---------+---------+-------+---------+---------+-------
